 Dungeon Crawl Stone Soup version 0.20.1-1-g8b1a95d (webtiles) character file.

11065 Goboxel the Demolition Demonspawn (level 11, -1/89 HPs)
             Began as a Demonspawn Gladiator on July 14, 2017.
             Was an Elder of Makhleb.
             Slain by a spiny frog (14 damage)
             ... on level 1 of the Lair of Beasts on July 15, 2017.
             The game lasted 00:25:24 (10095 turns).

Goboxel the Demolition Demonspawn (DsGl)           Turns: 10095, Time: 00:25:25

Health: -1/89      AC: 11    Str: 14    XL:     11   Next: 44%
Magic:  0/18       EV: 21    Int: 10    God:    Makhleb [****..]
Gold:   599        SH:  2    Dex: 18    Spells: 10/10 levels left

rFire    . . .     SeeInvis .   a - +0 long sword
rCold    . . .     Gourm    .   (no shield)
rNeg     . . .     Faith    .   j - +3 ring mail {MR+}
rPois    .         Spirit   +   (helmet unavailable)
rElec    .         Reflect  +   B - +0 cloak
rCorr    .         Harm     .   c - +0 pair of gloves
MR       +....                  n - +0 pair of boots
Stlth    +++++.....             k - +2 amulet of reflection
Regen    0.3/turn               E - +5 ring of evasion (curse)
MPRegen  0.2/turn               G - ring of stealth

@: lethally poisoned (-1 -> -10)
A: claws 1, horns 3, talons 1, nightstalker 2, magic shield
a: Minor Destruction, Lesser Servant of Makhleb, Major Destruction, Renounce
Religion


You were on level 1 of the Lair of Beasts.
You worshipped Makhleb.
Makhleb was greatly pleased with you.
You were near starving.

You visited 3 branches of the dungeon, and saw 12 of its levels.

You collected 599 gold pieces.

Inventory:

Hand Weapons
 a - a +0 long sword (weapon)
 g - a +1 short sword of speed
Missiles
 d - 3 throwing nets (quivered)
Armour
 c - a +0 pair of gloves (worn)
 j - a +3 ring mail of magic resistance (worn)
 n - a +0 pair of boots (worn)
 B - a +0 cloak (worn)
Jewellery
 k - a +2 amulet of reflection (around neck)
 p - a +4 ring of strength
 D - an uncursed ring of fire
 E - a cursed +5 ring of evasion (left hand)
 G - a ring of stealth (right hand)
 I - a cursed amulet of inaccuracy {unknown}
Wands
 b - a wand of polymorph (11/24)
 m - a wand of polymorph (12/24)
 t - a wand of enslavement (12/24)
 w - a wand of polymorph (11/24)
 C - a wand of flame (15/48)
Scrolls
 q - 4 scrolls of enchant armour
 r - a scroll of remove curse
 F - a scroll of identify
Potions
 e - a potion of brilliance
 o - 2 potions of curing
 u - 2 potions of cancellation
 v - 2 potions of mutation
 z - a potion of magic
 A - a potion of lignification
 H - a potion of flight
Books
 h - a book of Misfortune

   Spells                             Type                      Level
   a - Confusing Touch                Hexes                        1
   b - Confuse                        Hexes                        3
   c - Gell's Gravitas                Translocation                3
   d - Petrify                        Transmutation/Earth          4
   e - Metabolic Englaciation         Hexes/Ice                    5
   f - Yara's Violent Unravelling     Hexes/Transmutation          5
 y - a book of the Dragon

   Spells                             Type                      Level
   a - Flame Tongue                   Conjuration/Fire             1
   b - Cause Fear                     Hexes                        4
   c - Bolt of Fire                   Conjuration/Fire             6
   d - Dragon Form                    Transmutation                7
   e - Dragon's Call                  Summoning                    9
Miscellaneous
 x - a sack of spiders
Comestibles
 f - 9 bread rations
 i - 4 meat rations
 l - 5 royal jellies
 s - 2 fruits


   Skills:
 + Level 9.0 Fighting
 + Level 7.5(8.5) Short Blades
 - Level 6.0(7.8) Long Blades
 - Level 1.7 Throwing
 + Level 8.5 Dodging
 + Level 4.9 Stealth
 + Level 9.4 Invocations


You had 10 spell levels left.
You didn't know any spells.

Dungeon Overview and Level Annotations

Branches:
Dungeon (10/15)            Temple (1/1) D:5            Lair (1/6) D:9
    Orc (0/2) D:10

Altars:
Ashenzari
Cheibriados
Elyvilon
Fedhas
Gozag
Kikubaaqudgha
Makhleb
Nemelex Xobeh
Okawaru
Ru
Sif Muna
Trog
Uskayaw
Xom
Yredelemnul
Zin
The Shining One

Shops:
D:8 (

Annotations:
D:9 harcile's ghost, novice DgAE


Innate Abilities, Weirdness & Mutations

You have sharp fingernails.
You have a pair of large horns on your head.
You have sharp toenails.
You are significantly more attuned to the shadows.
When hurt, damage is shared between your health and your magic reserves.


Message History

The spiny frog barely misses you.
You feel better. The spiny frog misses you. The spiny frog barely misses you.
Wield which item (- for none, * to show all)? (? for menu, Esc to quit)
a - a +0 long sword (weapon)
The spiny frog stings you.
* * * LOW HITPOINT WARNING * * *
You barely miss the spiny frog.
The spiny frog is heavily wounded.
The spiny frog stings you!
* * * LOW HITPOINT WARNING * * *
You are poisoned.
The spiny frog poisons you! The spiny frog completely misses you.
You riposte.
You hit the spiny frog but do no damage.
The spiny frog is lightly wounded.
The spiny frog misses you.
You riposte.
You barely miss the spiny frog.
The spiny frog is heavily wounded.
You hit the spiny frog but do no damage.
The spiny frog is heavily wounded.
You feel sick. The spiny frog stings you!
You die...

.≈≈≈≈≈≈≈≈≈.
.≈≈≈≈≈≈≈≈≈≈#
.#.≈≈≈≈≈≈≈≈.≈
...≈≈≈≈≈≈≈≈...
.(.≈≈≈≈≈≈..).......
#..F.....#.........
...#@#..#.##.........
. ##F..$# #.........
.####..####.........
....................
....................
##..###...###P##..##
#... ##..# ###....#
##.. #..# ##..## #.
#..# #..#


You could see 2 spiny frogs.

Vanquished Creatures
  5 two-headed ogres
  A skeletal warrior (D:7)
  Pikel (D:5)
  A troll (D:10)
  A hornet (D:10)
  A hippogriff (D:9)
  Sigmund (D:4)
  6 yaks
  4 hungry ghosts
  Menkaure (D:5)
  2 hell hounds (D:9)
  Duvessa (D:4)
  4 orc warriors
  A slave (D:5)
  3 sky beasts
  An eye of draining (D:9)
  2 phantoms
  5 ogres
  6 centaurs
  A big kobold (D:8)
  4 bullfrogs
  A wyvern zombie (D:10)
  Dowan (D:4)
  3 scorpions
  11 killer bees
  5 wights (D:8)
  2 crimson imps (D:9)
  4 centaur zombies
  A quasit (D:5)
  2 centaur skeletons
  2 jellies
  4 hounds
  An orc priest (D:9)
  A bullfrog skeleton (D:5)
  6 orc wizards
  4 iguanas
  8 worker ants
  A killer bee zombie (D:7)
  A hound skeleton (D:4)
  Robin (D:2)
  A worker ant zombie (D:7)
  A howler monkey skeleton (D:7)
  7 adders
  3 shadow imps
  2 oozes
  2 adder skeletons
  4 dart slugs
  2 worms
  4 leopard geckos
  35 orcs
  6 bats
  5 giant cockroaches
  13 goblins
  9 hobgoblins
  11 jackals
  10 kobolds
  4 quokkas
  2 ball pythons (D:2)
  6 frilled lizards
  A goblin skeleton (D:5)
  A goblin zombie (D:5)
  7 hobgoblin zombies (D:5)
  A kobold skeleton (D:5)
  A leopard gecko zombie (D:8)
  A quokka skeleton (D:4)
  5 rats
255 creatures vanquished.

Vanquished Creatures (others)
  An adder (D:5)
  A goblin skeleton (D:5)
  A kobold zombie (D:5)
  An orc skeleton (D:5)
4 creatures vanquished.

Grand Total: 259 creatures vanquished

Notes
Turn   | Place    | Note
-------+----------+-------------------------------------------
     0 | D:1      | Goboxel the Demonspawn Gladiator began the quest for the Orb.
     0 | D:1      | Reached XP level 1. HP: 16/16 MP: 1/1
   122 | D:1      | Gained mutation: You have sharp toenails. [demonic ancestry]
   122 | D:1      | Reached XP level 2. HP: 21/22 MP: 2/2
   467 | D:2      | Noticed Robin
   588 | D:2      | Gained mutation: You have a pair of small horns on your head. [demonic ancestry]
   588 | D:2      | Reached XP level 3. HP: 28/28 MP: 3/3
   615 | D:2      | Killed Robin
   960 | D:2      | Reached XP level 4. HP: 33/34 MP: 4/4
  1953 | D:3      | Found a sacrificial altar of Ru.
  2123 | D:3      | Gained mutation: You have a pair of horns on your head. [demonic ancestry]
  2123 | D:3      | Reached XP level 5. HP: 40/41 MP: 5/5
  2250 | D:4      | Noticed a phantom
  2279 | D:4      | Killed a phantom
  2471 | D:3      | Gained mutation: You have a pair of large horns on your head. [demonic ancestry]
  2471 | D:3      | Reached XP level 6. HP: 31/48 MP: 6/6
  2660 | D:4      | Noticed Sigmund
  2669 | D:4      | Killed Sigmund
  2909 | D:4      | Found a deep blue altar of Sif Muna.
  2967 | D:4      | HP: 2/48 [orc wizard/puff of flame (7)]
  3285 | D:4      | Noticed Duvessa
  3288 | D:4      | Noticed Dowan
  3299 | D:4      | Killed Duvessa
  3299 | D:4      | Reached skill level 5 in Long Blades
  3299 | D:4      | Gained mutation: You are slightly more attuned to the shadows. [demonic ancestry]
  3299 | D:4      | Reached XP level 7. HP: 45/55 MP: 7/7
  3306 | D:4      | Killed Dowan
  3472 | D:4      | Reached skill level 1 in Short Blades
  3494 | D:4      | Reached skill level 5 in Dodging
  4117 | D:5      | Entered Level 5 of the Dungeon
  4139 | D:5      | Found a staircase to the Ecumenical Temple.
  4159 | D:5      | Reached skill level 5 in Fighting
  4163 | Temple   | Entered the Ecumenical Temple
  4170 | Temple   | Became a worshipper of Makhleb the Destroyer
  4248 | D:5      | Found a glowing golden altar of the Shining One.
  4255 | D:5      | Noticed Pikel
  4270 | D:5      | Reached skill level 1 in Invocations
  4323 | D:5      | Killed Pikel
  4323 | D:5      | Reached XP level 8. HP: 25/63 MP: 7/10
  4727 | D:5      | Noticed Menkaure
  4732 | D:5      | Killed Menkaure
  5466 | D:6      | Reached * piety under Makhleb
  5478 | D:6      | Found a snail-covered altar of Cheibriados.
  5518 | D:6      | Gained mutation: When hurt, damage is shared between your health and your magic reserves. [demonic ancestry]
  5518 | D:6      | Reached XP level 9. HP: 65/69 MP: 12/12
  5856 | D:6      | Reached skill level 5 in Short Blades
  6371 | D:7      | Reached skill level 5 in Invocations
  6505 | D:7      | Found a shimmering altar of Xom.
  6505 | D:7      | Found a shattered altar of Ashenzari.
  6507 | D:7      | Found a glowing golden altar of the Shining One.
  6575 | D:7      | Noticed a skeletal warrior
  6581 | D:7      | Noticed a skeletal warrior
  6600 | D:6      | HP: 3/71 [skeletal warrior/scimitar[a skeletal warrior] (21)]
  6605 | D:6      | HP: 1/71 [skeletal warrior/scimitar[a skeletal warrior] (3)]
  6939 | D:7      | Noticed a skeletal warrior
  6965 | D:7      | Killed a skeletal warrior
  7204 | D:7      | Found an iron altar of Okawaru.
  7230 | D:7      | Noticed a skeletal warrior
  7239 | D:7      | Noticed a skeletal warrior
  7292 | D:8      | Found Haggoleg's Weapon Emporium.
  7497 | D:8      | Reached ** piety under Makhleb
  7686 | D:8      | Gained mutation: You are significantly more attuned to the shadows. [demonic ancestry]
  7686 | D:8      | Reached XP level 10. HP: 79/79 MP: 15/15
  7962 | D:8      | Reached skill level 1 in Stealth
  7981 | D:8      | Noticed a two-headed ogre
  7989 | D:8      | Killed a two-headed ogre
  8223 | D:9      | Noticed harcile's ghost (novice DgAE)
  8248 | D:9      | Noticed a two-headed ogre
  8257 | D:9      | Killed a two-headed ogre
  8472 | D:9      | Found a staircase to the Lair.
  8703 | D:9      | Reached *** piety under Makhleb
  8756 | D:10     | Entered Level 10 of the Dungeon
  8961 | D:9      | Noticed a two-headed ogre
  8973 | D:9      | Killed a two-headed ogre
  8973 | D:9      | Gained mutation: You have sharp fingernails. [demonic ancestry]
  8973 | D:9      | Reached XP level 11. HP: 87/87 MP: 15/17
  9051 | D:9      | Noticed a two-headed ogre
  9067 | D:9      | Killed a two-headed ogre
  9677 | D:10     | Noticed a two-headed ogre
  9695 | D:10     | Killed a two-headed ogre
  9717 | D:10     | Reached **** piety under Makhleb
  9999 | Lair:1   | Entered Level 1 of the Lair of Beasts
 10095 | Lair:1   | Slain by a spiny frog

Skill      XL: |  1  2  3  4  5  6  7  8  9 10 11 |
---------------+----------------------------------+-----
Long Blades    | 3 4 5 6 |  6.0
Dodging        | 3 4 5 6 7 8 |  8.5
Fighting       | 3 4 5 6 7 8 9 |  9.0
Short Blades   | 3 4 6 7 |  7.5
Invocations    | 3 4 6 8 9 |  9.4
Stealth        | 4 |  4.9
Throwing       | |  1.7

Action                   |  1- 3 |  4- 6 |  7- 9 | 10-12 || total
-------------------------+-------+-------+-------+-------++-------
Melee: Long sword        |    85 |   119 |     2 |     6 ||   212
       Headbutt          |    11 |    29 |   118 |   148 ||   306
       Short sword       |       |       |   515 |   497 ||  1012
Invok: Minor Destruction |       |       |       |     3 ||     3
Evoke: Wand              |       |       |     4 |       ||     4
  Use: Potion            |       |     8 |     6 |     2 ||    16
       Scroll            |       |       |    11 |     2 ||    13
 Stab: Distracted        |       |     1 |     2 |     3 ||     6
       Sleeping          |       |       |     4 |    11 ||    15
       Invisible         |       |       |     1 |       ||     1
  Eat: Chunk             |       |     1 |    18 |    10 ||    29
       Meat ration       |       |     1 |       |       ||     1
       Fruit             |       |       |     1 |     1 ||     2
Armor: Leather armour    |    26 |    36 |     1 |       ||    63
       Ring mail         |       |       |   114 |    60 ||   174
Dodge: Dodged            |    75 |   133 |   279 |   251 ||   738
Block: Other             |     3 |     6 |    17 |    24 ||    50
       Rpst.: Long sword |    20 |    40 |     1 |     3 ||    64
